 Dungeon Crawl Stone Soup version 0.24.0-13-gcf9b3192b9 (webtiles) character file.

Game seed: 13871097837294656930, levelgen mode: deterministic

180 Katsumi the Transmogrifier (level 5, 0/22 HPs)
             Began as a Felid Transmuter on Nov 10, 2019.
             Was a Follower of Ru.
             Slain by a jackal (1 damage)
             ... on level 6 of the Dungeon.
             The game lasted 00:12:08 (10048 turns).

Katsumi the Transmogrifier (Felid Transmuter)      Turns: 10048, Time: 00:12:08

Health: 0/22       AC:  2    Str:  6    XL:     5   Next: 33%
Magic:  19/19      EV: 13    Int: 17    God:    Ru [*.....]
Gold:   314        SH:  0    Dex: 16    Spells: 1/9 levels left
                                        Lives:  0   Deaths: 2

rFire    + . .     SeeInvis +     - Unarmed
rCold    . . .     Gourm    .   (shield unavailable)
rNeg     . . .     Faith    .   (armour unavailable)
rPois    .         Spirit   .   (helmet unavailable)
rElec    .         Reflect  .   (cloak unavailable)
rCorr    .         Harm     .   (gloves unavailable)
MR       .....                  (boots unavailable)
Stlth    ++........             (no amulet)
HPRegen  0.07/turn              g - ring of protection from fire
MPRegen  0.16/turn              q - ring of magical power

@: quick
A: very small, no armour, no weapons or thrown items, stealth, claws 1, fangs 3,
see invisible, carnivore, speed 1, shaggy fur 2, slow metabolism 1, reduced EV
1, sharp paws
a: Renounce Religion


You were on level 6 of the Dungeon.
You worshipped Ru.
Ru was aware of your devotion.
You were not hungry.

You visited 2 branches of the dungeon, and saw 7 of its levels.

You collected 314 gold pieces.

Inventory:

Missiles
 a - 22 arrows
Jewellery
 g - a ring of protection from fire (left paw)
 o - an uncursed ring of fire
 q - a ring of magical power (right paw)
 v - an uncursed ring of flight
Wands
 u - a wand of flame (25)
 w - a wand of polymorph (7)
Scrolls
 d - 3 scrolls of remove curse
 f - a scroll of magic mapping
 k - a scroll of noise {unknown}
 l - a scroll of enchant armour {unknown}
 m - a scroll of enchant weapon {unknown}
 p - 2 scrolls of fog {unknown}
 r - a scroll of identify {unknown}
 t - a scroll of amnesia {unknown}
Potions
 b - 2 potions of heal wounds {unknown}
 e - a potion of resistance
 h - 2 potions of degeneration {unknown}
 i - 4 potions of flight {unknown}
 j - 3 potions of curing {unknown}
 n - 2 potions of mutation {unknown}
 s - a potion of magic {unknown}
Comestibles
 c - 12 rations


   Skills:
 - Level 1.0 Fighting
 - Level 2.6 Dodging
 - Level 3.0 Unarmed Combat
 + Level 2.8 Spellcasting
 * Level 8.8 Transmutations


You had one spell level left.
You knew the following spells:

 Your Spells              Type           Power        Failure   Level  Hunger
a - Beastly Appendage     Tmut           ####..       1%          1    #......
b - Sticks to Snakes      Tmut           ####....     1%          2    ##.....
c - Blade Hands           Tmut           ####......   13%         5    ######.

Your spell library contained the following spells:

 Spells                   Type           Power        Failure   Level  Hunger
 Spider Form              Tmut/Pois      ###.......   9%          3    ###....
 Ice Form                 Ice/Tmut       ###.....     28%         4    #####..


Dungeon Overview and Level Annotations

Branches:
Dungeon (6/15)             Temple (1/1) D:4

Altars:
Ashenzari
Cheibriados
Dithmenos
Elyvilon
Fedhas
Gozag
Hepliaklqana
Kikubaaqudgha
Makhleb
Nemelex Xobeh
Okawaru
Qazlal
Ru
Sif Muna
Trog
Uskayaw
Vehumet
Wu Jian
Xom
Yredelemnul
The Shining One


Innate Abilities, Weirdness & Mutations

You cannot wear armour.
You are incapable of wielding weapons or throwing items.
Your paws allow you to move quietly. (Stealth)
You have sharp claws.
You have razor-sharp teeth.
You have supernaturally acute eyesight. (SInv)
You are carnivorous and can eat meat at any time.
You cover ground quickly.
You are covered in thick fur. (AC +2)
You have a slow metabolism.
You have somewhat slow reflexes. (EV -5)
Your sharp claws are effective at attacking unaware monsters.


Message History

Found a leather armour, a chain mail and a battleaxe.
Unknown command.
The bullfrog is too close now for your liking.
A bullfrog is nearby!
The bullfrog hits you but does no damage.
The bullfrog closely misses you. The bullfrog hits you.
The bullfrog barely misses you.
A jackal comes into view.
The bullfrog hits you.
The jackal moves out of view.
The bullfrog hits you but does no damage.
The bullfrog completely misses you. The jackal bites you.
The bullfrog misses you.
The jackal is stunned by your will and fails to attack.
The bullfrog closely misses you. The jackal bites you.
The bullfrog barely misses you. The jackal bites you. The bullfrog hits you!
* * * LOW HITPOINT WARNING * * *
The jackal barks!
The bullfrog barely misses you. The jackal bites you.
You die...

##..... .##..
############.##
#.............#.########
#.........h.......†....#
#.....[..........F......
#.....................h.
#.......h....#[.#######.
#......@F....#.. #.
#[...........#. #.
#............# #.
#.......)....# #.
############## #.


You could see a bullfrog and 2 jackals.

Vanquished Creatures
  3 phantoms
  A howler monkey (D:4)
  2 hounds (D:4)
  An orc priest (D:6)
  2 worker ants
  A hound skeleton (D:4)
  4 gnolls
  4 adders
  2 howler monkey skeletons
  2 shadow imps
  2 oozes
  3 worms
  5 dart slugs
  A leopard gecko (D:2)
  6 orcs
  5 bats
  6 giant cockroaches
  7 goblins
  6 hobgoblins
  8 jackals (D:5)
  3 quokkas
  3 frilled lizards
  4 kobolds
  A quokka skeleton (D:5)
  12 rats
94 creatures vanquished.

Vanquished Creatures (collateral kills)
  An ogre (D:5)
  An adder (D:2)
  A ball python (D:3)
3 creatures vanquished.

Grand Total: 97 creatures vanquished

Notes
Turn   | Place    | Note
-------+----------+-------------------------------------------
     0 | D:1      | Katsumi the Felid Transmuter began the quest for the Orb.
     0 | D:1      | Reached XP level 1. HP: 9/9 MP: 4/4
   381 | D:1      | Reached skill level 3 in Transmutations
   381 | D:1      | Reached XP level 2. HP: 12/12 MP: 4/6
   386 | D:1      | Learned a level 2 spell: Sticks to Snakes
  2004 | D:1      | Reached XP level 3. HP: 15/15 MP: 5/7
  2044 | D:1      | Reached skill level 4 in Transmutations
  3034 | D:2      | Reached XP level 4. HP: 10/19 MP: 5/8
  3669 | D:2      | Found a shattered altar of Ashenzari.
  3688 | D:2      | Reached skill level 5 in Transmutations
  6066 | D:4      | Noticed a phantom
  6348 | D:4      | Found a radiant altar of Vehumet.
  6374 | D:4      | Reached XP level 5. HP: 18/22 MP: 7/9
  6387 | D:4      | Reached skill level 6 in Transmutations
  6544 | D:4      | Learned a level 5 spell: Blade Hands
  6548 | D:4      | Found a staircase to the Ecumenical Temple.
  6555 | Temple   | Entered the Ecumenical Temple
  6746 | Temple   | Became a worshipper of Ru the Awakened
  7127 | D:4      | Found a burning altar of Makhleb.
  7381 | D:4      | Killed a phantom
  7381 | D:4      | Reached skill level 7 in Transmutations
  7381 | D:4      | Gained mutation: You are covered in thick fur. (AC +2)
                  | [Felid growth]
  7381 | D:4      | Reached XP level 6. HP: 25/25 MP: 6/10
  8368 | D:4      | Found an opulent altar of Gozag.
  8370 | D:4      | Found a bloodstained altar of Trog.
  8394 | D:5      | Entered Level 5 of the Dungeon
  8406 | D:5      | Reached skill level 8 in Transmutations
  8806 | D:5      | Reached XP level 7. HP: 21/28 MP: 6/11
  9272 | D:5      | Found a snail-covered altar of Cheibriados.
  9327 | D:5      | Gained mutation: You have somewhat slow reflexes. (EV -5)
                  | [Ru sacrifice]
  9327 | D:5      | Reached * piety under Ru
  9613 | D:6      | HP: 1/28 [orc priest/divine providence (13)]
  9969 | D:6      | Found an ornate altar of the Wu Jian Council.
  9973 | D:6      | Found a stormy altar of Qazlal.
  9980 | D:6      | Slain by a bullfrog
  9981 | D:6      | Reached XP level 6. HP: -2/25 MP: 14/20
 10029 | D:6      | HP: 1/25 [bullfrog (4)]
 10032 | D:6      | Slain by a bullfrog
 10033 | D:6      | Reached XP level 5. HP: -1/22 MP: 19/19
 10047 | D:6      | HP: 1/22 [bullfrog (7)]
 10048 | D:6      | Slain by a jackal

Levels and vault maps discovered:
D:1:      onia_arrival_handbag, layout_basic, minmay_misc_feat_encased,
          item_on_display_a
D:2:      layout_basic, ashenzari_conservatory_becter, serial_park_tiny_1
D:3:      layout_basic, first_ration
D:4:      layout_cave_pools, fiery_altar_vehumet, makhleb_heckhound_becter,
          nicolae_overflow_hidden_temple, minmay_temple_entry_hall, st_stairs_4,
          grunt_decor_resistance
D:5:      layout_basic, chei_slow_surprise, uniq_crazy_yiuf_cottage
D:6:      layout_basic, chequers_temple_overflow_statue_of_worship,
          xom_teletrap_fun
Temple:   dpeg_chambers_temple

Skill      XL: |  1  2  3  4  5  6 |
---------------+-------------------+-----
Transmutations | 3 4 5 7 8 |  8.8
Fighting       | |  1.0
Dodging        | |  2.6
Unarmed Combat | |  3.0
Spellcasting   | |  2.8

Action                   |  1- 3 |  4- 6 |  7- 9 || total
-------------------------+-------+-------+-------++-------
Melee: Unarmed           |    92 |   158 |    46 ||   296
       Headbutt          |    15 |    12 |       ||    27
       Bite              |     5 |    20 |     1 ||    26
       Punch             |     2 |     3 |     1 ||     6
 Cast: Beastly Appendage |    35 |    36 |       ||    71
       Sticks to Snakes  |     4 |    10 |     1 ||    15
       Blade Hands       |       |     7 |     9 ||    16
Invok: Sacrifice Health  |       |       |     1 ||     1
  Use: Scroll            |       |     2 |       ||     2
 Stab: Sleeping          |     5 |     4 |       ||     9
  Eat: Chunk             |    12 |    16 |     6 ||    34
Armor: Skin              |     6 |    21 |     3 ||    30
Dodge: Dodged            |    72 |   183 |    29 ||   284
